 Dungeon Crawl Stone Soup version 0.18.1-50-g88ac8fd (webtiles) character file.

3965 LostNumber the Destroyer (level 10, -13/50 HPs)
             Began as a Deep Elf Fire Elementalist on Sept 30, 2016.
             Was a Believer of Vehumet.
             Killed from afar by a gargoyle (23 damage)
             ... with a stone arrow
             ... on level 8 of the Dungeon.
             The game lasted 00:22:17 (7993 turns).

LostNumber the Destroyer (DEFE)                     Turns: 7993, Time: 00:22:19

Health: -13/50     AC:  7    Str:  5    XL:     10   Next: 2%
Magic:  19/25      EV: 13    Int: 24    God:    Vehumet [**....]
Gold:   442        SH:  0    Dex: 15    Spells: 5 memorised, 13 levels left

rFire  + . .     SeeInvis .     e - +2 flail (protect)
rCold  x . .     Gourm    .     a - +0 robe
rNeg   . . .     Faith    .     (no shield)
rPois  .         Spirit   .     (no helmet)
rElec  .         Dismiss  .     (no cloak)
rCorr  .         Reflect  .     (no gloves)
SustAt .         Harm     .     (no boots)
MR     +....                    (no amulet)
Stlth  +++.......               F - ring of fire
                                y - ring of stealth

@: somewhat resistant to hostile enchantments, fairly stealthy
A: no striking features
a: Renounce Religion


You were on level 8 of the Dungeon.
You worshipped Vehumet.
Vehumet was pleased with you.
You were hungry.

You visited 1 branch of the dungeon, and saw 8 of its levels.

You collected 442 gold pieces.

Inventory:

Hand Weapons
 e - a +2 flail of protection (weapon)
 i - a +0 dagger of electrocution
Armour
 a - a +0 robe (worn)
 J - a steam dragon hide
Jewellery
 y - a ring of stealth (left hand)
 F - a ring of fire (right hand)
Wands
 p - a wand of polymorph (12/24)
 q - a wand of random effects (36/48)
 s - a wand of slowing (8/48)
 C - a wand of digging (24/24)
 E - a wand of digging (15/24)
 G - a wand of digging (7/24)
Scrolls
 f - 2 scrolls of teleportation
 l - a scroll of magic mapping
 m - 7 scrolls of remove curse {unknown}
 r - a scroll of enchant weapon
 z - 2 scrolls of blinking
 B - a scroll of amnesia
Potions
 d - 2 potions of heal wounds
 h - a potion of cancellation {unknown}
 t - 2 potions of ambrosia
 u - 2 potions of curing
 w - a potion of might
 A - 2 potions of lignification
 D - a potion of brilliance
 H - a potion of haste
 I - 2 potions of flight {unknown}
Books
 b - a book of Flames

   Spells                             Type                      Level
   a - Flame Tongue                   Conjuration/Fire             1
   b - Throw Flame                    Conjuration/Fire             2
   c - Conjure Flame                  Conjuration/Fire             3
   d - Inner Flame                    Hexes/Fire                   3
   e - Sticky Flame                   Conjuration/Fire             4
   f - Fireball                       Conjuration/Fire             5
Comestibles
 c - 5 bread rations
 g - a meat ration
 j - 2 beef jerkies
 n - a slice of pizza
 o - 6 fruits
 v - a royal jelly


   Skills:
 - Level 2.4 Dodging
 - Level 2.4 Stealth
 + Level 9.7 Spellcasting
 * Level 11.1 Conjurations
 + Level 8.7 Fire Magic


You had 13 spell levels left.
You knew the following spells:

 Your Spells              Type           Power        Failure   Level  Hunger
a - Flame Tongue          Conj/Fire      #####        1%          1    None
b - Throw Flame           Conj/Fire      ######       1%          2    None
c - Conjure Flame         Conj/Fire      ######..     1%          3    None
d - Sticky Flame          Conj/Fire      ######..     1%          4    #......
e - Fireball              Conj/Fire      ######....   2%          5    ####...


Dungeon Overview and Level Annotations

Branches:
Dungeon (8/15)             Temple (0/1) D:5
   Lair: D:8-11

Altars:
Cheibriados
Dithmenos
Elyvilon
Gozag
Kikubaaqudgha
Nemelex Xobeh
Okawaru
Vehumet
Xom
Yredelemnul
Zin
The Shining One

Annotations:
D:8 Grum


Message History

Press: ? - help, Shift-Dir - straight line, f/p - gargoyle
Aim: a gargoyle, wielding a mace (moderately damaged, covered in liquid flames)
You feel a surge of power!
The flame tongue hits the gargoyle.
The gargoyle is moderately damaged.
The gargoyle burns!
The gargoyle hits you with a mace!
Casting: Flame Tongue
Confirm with . or Enter, or press ? or * to list all spells.
Aiming: Flame Tongue
Press: ? - help, Shift-Dir - straight line, f/p - gargoyle
Aim: a gargoyle, wielding a mace (moderately damaged, covered in liquid flames)
You feel a surge of power!
The flame tongue hits the gargoyle.
The gargoyle is heavily damaged.
The gargoyle burns!
The gargoyle hurls a stone arrow at you.
The stone arrow hits you!
* * * LOW HITPOINT WARNING * * *
The gargoyle burns!
The gargoyle hurls a stone arrow at you.
The stone arrow hits you!
You die...

..##....###.#.###.####.#.#.######
.[........#.#.##.......#'#.#....#
.####.....#.#.##...........#.##.#
.# #.....#.#.# ...........#.<#.#
## #...#.#.... ...........####.#
#...#.###.# #................
#...#.....# #9..............#
#...#.#######.###############
#...#..##...@.........
#...##.##.#.[...######
######..#.#.....#
........#.#.....#
........#.#.....#
..........#.....#
###.......#.....#
#.......#.....######
#.....#.#..........#


You could see a gargoyle (burning).

Vanquished Creatures
  Grinder (D:6)
  Sigmund (D:3)
  Eustachio (D:6)
  A steam dragon (D:8)
  The ghost of daning the Slasher, an amateur HESk of Okawaru (D:4)
  4 sky beasts
  3 orc warriors
  An ice beast (D:6)
  A centaur (D:8)
  A necrophage (D:7)
  3 wolves (D:8)
  2 ogres
  4 giant frogs
  3 killer bees (D:7)
  3 scorpions
  4 wights (D:6)
  2 howler monkeys
  4 crimson imps
  3 hounds
  A giant frog skeleton (D:5)
  2 centaur skeletons (D:5)
  3 orc priests
  2 jellies (D:5)
  3 orc wizards
  2 iguanas
  9 worker ants
  A hound zombie (D:6)
  A hound skeleton (D:4)
  2 worker ant zombies
  8 gnolls
  9 adders
  2 shadow imps
  An adder zombie (D:7)
  An adder skeleton (D:4)
  2 worms
  2 dart slugs
  3 giant geckos
  15 orcs
  2 ball pythons
  5 giant cockroaches
  10 goblins
  6 hobgoblins
  11 jackals
  2 quokkas
  A sheep (D:5)
  6 bats
  4 giant newts
  8 kobolds
  A quokka skeleton (D:4)
  9 rats
177 creatures vanquished.

Vanquished Creatures (others)
  A human (D:3)
1 creature vanquished.

Grand Total: 178 creatures vanquished

Notes
Turn   | Place    | Note
--------------------------------------------------------------
     0 | D:1      | LostNumber the Deep Elf Fire Elementalist began the quest for the Orb.
     0 | D:1      | Reached XP level 1. HP: 10/10 MP: 6/6
   136 | D:1      | Reached XP level 2. HP: 15/15 MP: 2/8
   219 | D:1      | Reached skill level 2 in Conjurations
   694 | D:1      | Learned a level 2 spell: Throw Flame
   899 | D:2      | Reached XP level 3. HP: 19/19 MP: 7/10
  1070 | D:2      | Reached skill level 3 in Conjurations
  1071 | D:2      | Reached XP level 4. HP: 14/24 MP: 5/11
  1079 | D:2      | Learned a level 3 spell: Conjure Flame
  1126 | D:2      | Learned a level 4 spell: Sticky Flame
  1241 | D:2      | Found a glowing golden altar of the Shining One.
  1481 | D:2      | Found a shadowy altar of Dithmenos.
  1789 | D:3      | Found a white marble altar of Elyvilon.
  1911 | D:3      | Found an ancient bone altar of Kikubaaqudgha.
  1911 | D:3      | Noticed a human
  1915 | D:3      | Killed a human
  1967 | D:3      | Reached XP level 5. HP: 28/28 MP: 3/13
  2168 | D:3      | Found a snail-covered altar of Cheibriados.
  2201 | D:3      | Noticed Sigmund
  2206 | D:3      | Killed Sigmund
  2206 | D:3      | Reached skill level 5 in Spellcasting
  2206 | D:3      | Reached skill level 4 in Conjurations
  2206 | D:3      | Reached XP level 6. HP: 23/32 MP: 0/15
  2446 | D:4      | Noticed daning's ghost (amateur HESk)
  2706 | D:4      | Reached skill level 5 in Conjurations
  2781 | D:4      | Found a radiant altar of Vehumet.
  2785 | D:4      | Became a worshipper of Vehumet
  2888 | D:4      | Reached skill level 5 in Fire Magic
  3126 | D:5      | Entered Level 5 of the Dungeon
  3129 | D:5      | Found a shimmering altar of Xom.
  3163 | D:5      | Noticed a sky beast
  3301 | D:4      | Killed a sky beast
  3301 | D:4      | Reached XP level 7. HP: 13/36 MP: 11/17
  3411 | D:5      | Reached skill level 6 in Conjurations
  3682 | D:5      | Found an iron altar of Okawaru.
  3711 | D:5      | Found a staircase to the Ecumenical Temple.
  3748 | D:5      | Reached skill level 7 in Conjurations
  3866 | D:5      | Reached XP level 8. HP: 29/41 MP: 15/19
  4023 | D:5      | Reached * piety under Vehumet
  4023 | D:5      | Offered knowledge of Shock by Vehumet.
  4121 | D:6      | Learned a level 5 spell: Fireball
  4241 | D:6      | Found a glowing silver altar of Zin.
  4551 | D:6      | Noticed Eustachio
  4565 | D:6      | Killed Eustachio
  4565 | D:6      | Reached skill level 8 in Conjurations
  5035 | D:6      | Found a basalt altar of Yredelemnul.
  5049 | D:6      | Noticed Grinder
  5061 | D:6      | Killed Grinder
  5147 | D:6      | Reached skill level 9 in Conjurations
  5477 | D:6      | Reached XP level 9. HP: 45/45 MP: 14/23
  5932 | D:7      | Found a sparkling altar of Nemelex Xobeh.
  5933 | D:7      | Found an opulent altar of Gozag.
  6141 | D:7      | Offered knowledge of Freeze by Vehumet.
  6191 | D:7      | Reached ** piety under Vehumet
  6191 | D:7      | Reached skill level 10 in Conjurations
  6917 | D:4      | Killed daning's ghost
  6935 | D:4      | Found Axigub's Assorted Antiques.
  7261 | D:8      | Noticed Grum
  7474 | D:8      | Reached skill level 11 in Conjurations
  7695 | D:8      | Offered knowledge of Ignite Poison by Vehumet.
  7695 | D:8      | Reached XP level 10. HP: 23/50 MP: 18/25
  7982 | D:8      | Noticed a gargoyle
  7993 | D:8      | Killed from afar by a gargoyle

Skill      XL: |  1  2  3  4  5  6  7  8  9 |
---------------+----------------------------+-----
Conjurations   | 2 3 4 5 7 9 11 | 11.1
Spellcasting   | 4 5 6 8 9 |  9.7
Fire Magic     | 4 5 6 7 8 |  8.7
Dodging        | |  2.4
Stealth        | |  2.4

Action                   |  1- 3 |  4- 6 |  7- 9 | 10-12 || total
-------------------------+-------+-------+-------+-------++-------
Melee: Dagger            |       |     5 |    81 |       ||    86
       Flail             |       |       |     3 |       ||     3
 Cast: Flame Tongue      |    47 |    67 |   127 |    10 ||   251
       Throw Flame       |       |    33 |    54 |     7 ||    94
       Sticky Flame      |       |     4 |    33 |     1 ||    38
       Conjure Flame     |       |     1 |     3 |       ||     4
  Use: Scroll            |       |       |    16 |       ||    16
       Potion            |       |       |     1 |       ||     1
 Stab: Sleeping          |       |       |     6 |       ||     6
  Eat: Chunk             |       |     7 |    17 |       ||    24
Armor: Robe              |     1 |     3 |    17 |     1 ||    22
Dodge: Dodged            |    14 |    17 |    90 |     1 ||   122
